 Dungeon Crawl Stone Soup version 0.27-a0-1319-geec4fb4e21 (webtiles) character file.

Game seed: 1739812717113984864

2376 Kold the Basher (level 9, -11/51 HPs)
             Began as a Gargoyle Fighter on June 21, 2021.
             Was a Follower of Okawaru.
             Blown up by an orc warrior (19 damage)
             ... with a mindburst bolt
             ... on level 7 of the Dungeon.
             The game lasted 00:12:54 (7280 turns).

Kold the Basher (Gargoyle Fighter)                  Turns: 7280, Time: 00:12:55

Health: -11/51     AC: 14    Str: 23    XL:     9   Next: 45%
Magic:  10/10      EV:  8    Int:  8    God:    Okawaru [*.....]
Gold:   289        SH:  9    Dex: 11    Spells: 8/8 levels left

rFire    + . .     SeeInvis .   a - +0 flail
rCold    . . .     Faith    +   c - +0 kite shield
rNeg     + . .     Spirit   .   p - +2 ring mail of Haunted Amelioration {rF+ Regen+ Dex-5 Slay+5}
rPois    ∞         Reflect  .   (no helmet)
rElec    +         Harm     .   (no cloak)
rCorr    .         Rampage  .   (no gloves)
Will     .....                  (no boots)
Stlth    +.........             l - amulet of faith
HPRegen  1.17/turn              t - +6 ring of dexterity
MPRegen  0.12/turn              (no ring)

@: no status effects
A: sickness immunity, AC +6, negative energy resistance 1, electricity
resistance, torment resistance 1, petrification resistance
a: Renounce Religion, Heroism


You were on level 7 of the Dungeon.
You worshipped Okawaru.
Okawaru was aware of your devotion.
You visited 2 branches of the dungeon, and saw 8 of its levels.
You also visited: Sewer.

You collected 289 gold pieces.

Inventory:

Hand Weapons
 a - a +0 flail (weapon)
 f - a +0 morningstar
Armour
 c - a +0 kite shield (worn)
 g - a +0 plate armour
 p - the +2 ring mail of Haunted Amelioration (worn) {rF+ Regen+ Dex-5 Slay+5}
   (You found it on level 5 of the Dungeon)

   It affects your dexterity (-5).
   It affects your accuracy and damage with ranged weapons and melee attacks
   (+5).
   It protects you from fire.
   It increases your rate of health regeneration.
Jewellery
 l - an amulet of faith (around neck)
 t - a +6 ring of dexterity (left hand)
 v - an amulet of the acrobat
Wands
 m - a wand of polymorph (10)
 y - a wand of paralysis (5)
Scrolls
 b - a scroll of magic mapping
 d - a scroll of holy word
 h - a scroll of teleportation
 i - a scroll of enchant armour
Potions
 o - a potion of heal wounds {unknown}
 r - 2 potions of invisibility
 s - a potion of mutation {unknown}
 w - a potion of brilliance


   Skills:
 - Level 3.2 Fighting
 + Level 12.0 Maces & Flails
 - Level 3.2 Armour
 - Level 4.0 Shields
 + Level 1.7 Invocations


You had 8 spell levels left.
You didn't know any spells.
Your spell library contained the following spells:

 Spells                   Type           Power      Damage    Failure   Level
 Corona                   Hex            0%         N/A       96%         1
 Shock                    Conj/Air       0%         1d3       96%         1
 Summon Small Mammal      Summ           0%         N/A       96%         1
 Call Imp                 Summ           0%         N/A       99%         2
 Corpse Rot               Necr/Air       N/A        N/A       99%         2
 Ensorcelled Hibernation  Hex/Ice        0%         N/A       99%         2
 Passwall                 Tmut/Erth      0%         N/A       99%         2
 Static Discharge         Conj/Air       0%         N/A       99%         2
 Call Canine Familiar     Summ           0%         N/A       100%        3
 Confusing Touch          Hex            0%         N/A       100%        3
 Dazzling Flash           Conj/Hex       0%         N/A       100%        3
 Summon Guardian Golem    Hex/Summ       0%         N/A       100%        3
 Swiftness                Air            0%         N/A       100%        3
 Tukima's Dance           Hex            0%         N/A       100%        3
 Airstrike                Air            0%         N/A       100%        4
 Summon Ice Beast         Ice/Summ       0%         N/A       100%        4
 Summon Lightning Spire   Summ/Air       0%         N/A       100%        4
 Freezing Cloud           Conj/Ice/Air   0%         6-21      100%        5
 Lightning Bolt           Conj/Air       0%         1d11      100%        5
 Yara's Violent Unravell  Hex/Tmut       0%         3d3       100%        5


Dungeon Overview and Level Annotations

Branches:
Dungeon (7/15)             Temple (1/1) D:5           Sewer (visited)

Altars:
Ashenzari
Cheibriados
Dithmenos
Elyvilon
Gozag
Kikubaaqudgha
Makhleb
Nemelex Xobeh
Okawaru
Qazlal
Ru
Sif Muna
Trog
Uskayaw
Wu Jian
Zin
The Shining One

Shops:
D:2 (   D:3 *

Annotations:
D:2 1 runed translucent door, Crazy Yiuf
D:4 Dowan, Duvessa


Innate Abilities, Weirdness & Mutations

You are immune to sickness and miasma.
Your stone body is resilient. (AC +6)
You are immune to poison.
You resist negative energy. (rN+)
You are resistant to electric shocks. (rElec)
You are resistant to unholy torment.
You are immune to petrification.


Message History

The ice beast is severely wounded.
The ice beast closely misses you.
An orc comes into view. It is wielding a +0 flail.
The ice beast barely misses you.
You sock the ice beast!
You kill the ice beast!
Okawaru accepts your kill.
Your Maces & Flails skill increases to level 12!
No target in view!
You sock the orc warrior!
The orc warrior is moderately wounded.
The orc warrior hits you with a +2 short sword of draining!
Your shield and ring mail of Haunted Amelioration prevent you from hitting the orc warrior.
The orc warrior is moderately wounded.
The orc warrior zaps a wand.
Your mind is blasted!
You closely miss the orc warrior.
The orc warrior is moderately wounded.
You closely miss the orc warrior.
The orc warrior is moderately wounded.
You closely miss the orc warrior.
The orc warrior is moderately wounded.
The orc warrior hits you but does no damage.
You block the orc's attack.
You hit the orc warrior but do no damage.
The orc warrior is moderately wounded.
The orc warrior zaps a wand.
Your mind is blasted!
* * * LOW HITPOINT WARNING * * *
You block the orc's attack.
Blink to where?
Press: ? - help, Dir - move target
Okay, then.
You feel better.
The orc warrior hits you with a +2 short sword of draining!
* * * LOW HITPOINT WARNING * * *
The orc hits you but does no damage.
Blink to where?
Press: ? - help, Dir - move target
As you read the scroll of blinking, it crumbles to dust.
The orc warrior zaps a wand.
Your mind is blasted!
You die...

#.##....
#.#..#......
#..#..###
#.#..#......
##.#...
#.#..#...... ..o.#
#.#..###.### #...#
#.#..# #)# ##..o#
#.#..# #.#
....##########
#.#†.###.###
#..#§o......#
#.#..#.....#
######.>#o######@#
#.#..#.....#
.............# #.#
#....#.....#
.............# #.#
##+#.#.....#
.............# #.#
.###'###
.......$.....# #.#
#+#.# #.#
..........#### #.#
....###'##
################.#
#.......#
...............#.#
###....(#
#############.##.#
#.....##


You could see an orc warrior.

Vanquished Creatures
  Maggie (D:7)
  A water moccasin (D:7)
  2 necrophages
  3 ice beasts
  2 tengu
  4 ogres
  2 centaurs (D:7)
  2 bullfrogs
  A howler monkey (D:5)
  6 hounds
  A quasit (D:3)
  2 bullfrog skeletons
  A centaur skeleton (D:6)
  A jelly (D:5)
  An orc priest (D:4)
  Jessica (D:3)
  5 iguanas
  2 hound skeletons
  4 gnolls (D:5)
  6 adders
  A white imp (D:3)
  An ufetubus (D:6)
  An adder zombie (D:5)
  A worm (D:2)
  2 dart slugs (D:1)
  8 orcs
  5 bats
  6 endoplasms
  A giant cockroach (D:3)
  7 goblins
  6 hobgoblins
  8 jackals
  7 kobolds
  3 quokkas
  8 ball pythons
  A frilled lizard (D:2)
  4 rats
118 creatures vanquished.

Vanquished Creatures (others)
  A human (D:7)
1 creature vanquished.

Grand Total: 119 creatures vanquished

Notes
Turn   | Place    | Note
-------+----------+-------------------------------------------
     0 | D:1      | Kold the Gargoyle Fighter began the quest for the Orb.
     0 | D:1      | Reached XP level 1. HP: 14/14 MP: 1/1
   228 | D:1      | Found a faded altar of an unknown god.
   274 | D:1      | Reached XP level 2. HP: 15/19 MP: 2/2
   571 | D:1      | You fall into a shaft and drop 1 floor!
   617 | D:2      | Reached XP level 3. HP: 13/23 MP: 3/3
   618 | D:2      | Reached skill level 3 in Maces & Flails
  1477 | D:2      | Found Ekhihil's Weapon Shoppe.
  1499 | D:2      | Reached XP level 4. HP: 25/28 MP: 4/4
  1593 | D:2      | Found a runed translucent door.
  1594 | D:2      | Noticed Crazy Yiuf
  1948 | D:3      | Noticed Jessica
  1952 | D:3      | Killed Jessica
  1953 | D:3      | Reached skill level 4 in Maces & Flails
  2133 | D:3      | Found Wiub's Assorted Antiques.
  2139 | D:3      | Identified the Handbook of Mutagenic Lightness
  2536 | D:3      | Noticed Grinder
  2542 | D:3      | Paralysed by Grinder for 3 turns
  2545 | D:3      | Noticed Grinder
  2545 | D:3      | Grinder changed into Grinder the quasit
  2566 | D:3      | Killed Grinder the quasit
  2567 | D:3      | Reached XP level 5. HP: 16/32 MP: 5/5
  2571 | D:3      | Reached skill level 5 in Maces & Flails
  3284 | D:4      | Noticed an ogre
  3295 | D:4      | Killed an ogre
  3296 | D:4      | Reached skill level 6 in Maces & Flails
  3296 | D:4      | Reached XP level 6. HP: 25/37 MP: 6/6
  3458 | D:4      | Noticed an ice beast
  3479 | D:4      | Killed an ice beast
  3883 | D:4      | Noticed a black bear
  3886 | D:4      | Noticed a basilisk
  3886 | D:4      | a black bear changed into a basilisk
  3887 | D:4      | Noticed an ice beast
  3887 | D:4      | a basilisk changed into an ice beast
  3888 | D:4      | an ice beast changed into a tengu
  3899 | D:4      | Reached skill level 7 in Maces & Flails
  3899 | D:4      | Reached XP level 7. HP: 29/41 MP: 7/7
  4432 | D:4      | Noticed Duvessa
  4432 | D:4      | Noticed Dowan
  4702 | D:5      | Entered Level 5 of the Dungeon
  4759 | D:5      | Found a stormy altar of Qazlal.
  4815 | D:5      | Reached skill level 8 in Maces & Flails
  4891 | D:5      | Reached XP level 8. HP: 45/46 MP: 8/8
  4900 | D:5      | Identified the +2 ring mail of Haunted Amelioration {rF+
                  | Regen+ Dex-5 Slay+5}
  4947 | D:5      | Found a staircase to the Ecumenical Temple.
  4960 | Temple   | Entered the Ecumenical Temple
  5079 | D:5      | Reached skill level 9 in Maces & Flails
  5369 | D:5      | Identified the +2 chain mail "Xaebbeuh" {Harm}
  5408 | D:5      | Found a hide-covered altar of Uskayaw.
  5583 | D:6      | Found a glowing drain.
  5592 | Sewer    | Entered a sewer
  5677 | Sewer    | Noticed Purgy
  5680 | Sewer    | Noticed Purgy
  5680 | Sewer    | Purgy changed into Purgy the ice beast
  5683 | Sewer    | Killed Purgy the ice beast
  5839 | D:6      | Reached skill level 10 in Maces & Flails
  6283 | D:6      | Found a burning altar of Makhleb.
  6354 | D:6      | Found a bloodstained altar of Trog.
  6363 | D:6      | Found an iron altar of Okawaru.
  6363 | D:6      | Found a snail-covered altar of Cheibriados.
  6371 | D:6      | Became a worshipper of Warmaster Okawaru
  6564 | D:7      | Found an ancient bone altar of Kikubaaqudgha.
  6760 | D:7      | Noticed a wyvern
  6761 | D:7      | a wyvern changed into a tengu
  6780 | D:7      | Reached XP level 9. HP: 43/51 MP: 9/9
  6814 | D:7      | Reached skill level 11 in Maces & Flails
  7002 | D:7      | Noticed Maggie
  7045 | D:7      | Paralysed by Maggie for 3 turns
  7055 | D:7      | Killed Maggie
  7061 | D:7      | Reached * piety under Okawaru
  7115 | D:7      | Reached skill level 1 in Invocations
  7270 | D:7      | Reached skill level 12 in Maces & Flails
  7280 | D:7      | Blown up by an orc warrior

Illustrated notes

Levels and vault maps discovered:
D:1:      minmay_arrival_diagonal_passages, layout_basic,
          basic_ecumenical_altar, minmay_pentomino_t2
D:2:      layout_loops_cross, serial_shops,
          nicolae_shop_temple_entry_statues_fountains, uniq_crazy_yiuf_cottage
D:3:      layout_rooms, serial_shops, shop, uniq_jessica, uniq_grinder
D:4:      layout_layer_cave, grunt_ministairs_14, grunt_decor_arrowhead,
          lemuel_flame_loot_1, uniq_duvessa
D:5:      layout_gridville, lemuel_crystal_altar,
          nicolae_qazlal_eye_of_the_storm, minmay_temple_entry_glassed_door
D:6:      layout_loops_ring, makhleb_blood_cavern_becter, minitemple,
          portal_sewer_entry_d
D:7:      layout_basic, kennysheep_mini, tgw_kikubaaqudgha,
          nicolae_vehumet_radiance, general_overflow_altar,
          minmay_misc_feat_rows, uniq_maggie
Temple:   zaba_magenta_temple

Skill      XL: |  1  2  3  4  5  6  7  8  9 |
---------------+----------------------------+-----
Maces & Flails | 3 4 6 7 8 10 12 | 12.0
Shields        | 4 |  4.0
Invocations    | 1 |  1.7
Fighting       | |  3.2
Armour         | |  3.2

Action                   |  1- 3 |  4- 6 |  7- 9 || total
-------------------------+-------+-------+-------++-------
Melee: Flail             |   105 |   162 |   256 ||   523
Throw: Throwing net      |       |     3 |       ||     3
Evoke: Wand              |       |     6 |     3 ||     9
  Use: Scroll            |       |     3 |    11 ||    14
       Potion            |       |     1 |     3 ||     4
Armor: Scale mail        |    23 |       |       ||    23
       Plate armour      |    52 |   208 |    48 ||   308
       Ring mail         |       |       |    94 ||    94
Dodge: Dodged            |    24 |    45 |    78 ||   147
Block: Kite shield       |    66 |   143 |   121 ||   330

Table legend: (Time is in decaauts)
 A = Elapsed time spent in this place.
 B = Non-inter-level travel time spent in this place.
 C = Inter-level travel time spent in this place.
 D = Time resting spent in this place.
 E = Time spent auto-exploring this place.
 F = Levels seen in this place.
 G = Mean time per level.
                   A        B        C        D        E       F      G
               +--------+--------+--------+--------+--------+-----+--------+
         Total |   7453 |   7102 |    351 |   1314 |   4379 |   9 |  828.1 |
       Dungeon |   7208 |   6876 |    332 |   1314 |   4285 |   7 | 1029.7 |
        Temple |     73 |     54 |     19 |      0 |     54 |   1 |   73.0 |
         Sewer |    171 |    171 |      0 |      0 |     40 |   1 |  171.0 |
               +--------+--------+--------+--------+--------+-----+--------+

Top non-repeatable levels by time:
     D:4: 1504 daAuts
     D:3: 1353 daAuts
     D:1: 1044 daAuts
     D:2: 958 daAuts
     D:6: 835 daAuts
     D:7: 771 daAuts
     D:5: 740 daAuts
   Sewer: 171 daAuts
  Temple: 73 daAuts
